 Dungeon Crawl Stone Soup version 0.30.1-9-gdf580d7c3d (webtiles) character file.

Game seed: 4292004439872503444

349 lonewolfV2 the Chopper (level 6, -2/76 HPs)
             Began as a Minotaur Berserker on Oct 13, 2023.
             Was a Believer of Trog.
             Slain by Dowan
             ... wielding a +0 dagger
              (6 damage)
             ... on level 4 of the Dungeon.
             The game lasted 00:06:20 (2495 turns).

lonewolfV2 the Chopper (Minotaur Berserker)         Turns: 2495, Time: 00:06:20

Health: -2/76      AC:  0    Str: 24    XL:     6   Next: 33%
Magic:  5/5        EV: 12    Int:  4    God:    Trog [**....]
Gold:   115        SH:  0    Dex: 14    Spells: 5/5 levels left

rFire   . . .        r - +4 whip of Hoqeo {heavy, *Corrode rElec Dex+5}
rCold   . . .        (no shield)
rNeg    . . .        b - +0 animal skin
rPois   .            (helmet restricted)
rElec   +            (no cloak)
rCorr   .            k - +0 pair of gloves
SInv    .            (no boots)
Will    ++...        d - amulet of the acrobat Stlth
                     (no ring)
HPRegen 1.32/turn    (no ring)
MPRegen 0.09/turn

%: corrode self (3%), acrobat
@: berserking, lit by a corona, strong-willed, corroded, regenerating, glowing,
very quick
A: horns 2, retaliatory headbutt
a: Renounce Religion, Berserk, Trog's Hand


You were on level 4 of the Dungeon.
You worshipped Trog.
Trog was pleased with you.
You visited 1 branch of the dungeon, and saw 4 of its levels.

You collected 115 gold pieces.

Inventory:

Hand Weapons
 a - a +0 hand axe
 n - a +1 broad axe of freezing
 r - the +4 whip of Hoqeo (weapon) {heavy, *Corrode rElec Dex+5}
   (You found it on level 3 of the Dungeon)

   Dex:       It affects your dexterity (+5).
   rElec:     It insulates you from electricity.
   *Corrode:  It may corrode you when you take damage.
Armour
 b - a +0 animal skin (worn)
 k - a +0 pair of gloves (worn)
Jewellery
 d - an amulet of the acrobat (around neck)
 i - an amulet of magic regeneration
 p - a +4 ring of protection
Scrolls
 c - 5 scrolls of identify {unknown}
 f - 2 scrolls of fog {unknown}
 g - 2 scrolls of blinking {unknown}
 h - a scroll of acquirement {unknown}
 o - a scroll of enchant armour {unknown}
Potions
 e - 2 potions of curing {unknown}
 j - a potion of experience {unknown}
 l - 2 potions of resistance {unknown}
 m - a potion of might {unknown}
 q - a potion of ambrosia {unknown}


   Skills:
 - Level 3.6 Fighting
 - Level 6.0(7.1) Axes
 + Level 6.0(7.2) Maces & Flails
 - Level 2.4 Armour
 - Level 2.1 Dodging


You had 5 spell levels left.
You didn't know any spells.
Your spell library was empty.

Dungeon Overview and Level Annotations

Branches:
Dungeon (4/15)
 Temple: D:4-7

Altars:

Shops:
D:2 =**?

Annotations:
D:4 Dowan


Innate Abilities, Weirdness & Mutations

You have a pair of horns on your head.
You reflexively headbutt those who attack you in melee.


Message History

Dowan gestures wildly while chanting.
Dowan blinks!
Dowan drinks a potion.
Dowan is healed!
Duvessa hits you with a +0 short sword! Duvessa completely misses you.
Unknown command.
Your skin crawls.
You feel strong-willed. Duvessa hits you with a +0 short sword!
Your corrosive artefact corrodes you!
You fail to use your ability.
Duvessa misses you. Dowan hits you with a +0 dagger.
* * * LOW HITPOINT WARNING * * *
Unknown command.
A red film seems to cover your vision as you go berserk!
You feel yourself moving faster!
You feel mighty! Duvessa misses you. Dowan hits you with a +0 dagger.
* * * LOW HITPOINT WARNING * * *
You barely miss Duvessa. You whack Duvessa! You headbutt Duvessa.
Duvessa is heavily wounded.
Duvessa hits you with a +0 short sword!
* * * LOW HITPOINT WARNING * * *
Dowan hits you with a +0 dagger!
* * * LOW HITPOINT WARNING * * *
You barely miss Duvessa.
Duvessa is heavily wounded.
Duvessa closely misses you. Dowan hits you with a +0 dagger.
* * * LOW HITPOINT WARNING * * *
You whack Duvessa!
Duvessa is almost dead.
Duvessa completely misses you. Dowan barely misses you.
You thrash Duvessa!!
You kill Duvessa!
Trog accepts your kill.
Dowan screams, "No!
Oh no!"
Dowan seems to find hidden reserves of power!
Dowan closely misses you.
Your base Maces & Flails skill increases to level 6!
You have reached level 6!
You miss Dowan. Dowan hits you with a +0 dagger.
You die...

+......# #### #.....$###
..# ###+###........# #.#
...............# #.##
.....!.........######..#
........................
....!..).....######.####
......e@.....# #.#
........###..# #.##
........###..######..###
........#...............
#########..P.PP.#####..#
##########.####### #..#
.........##. #..#
#.........##. #+###..#
+.........##.##+##+#.......


You could see Dowan (fast).

Vanquished Creatures
  Sigmund (D:3)
  Duvessa (D:4)
  A gnoll (D:1)
  An adder (D:2)
  A dart slug (D:1)
  3 orcs
  4 ball pythons
  5 bats
  7 endoplasms
  2 giant cockroaches
  8 goblins
  9 hobgoblins
  A quokka (D:1)
  A frilled lizard (D:1)
  8 kobolds
  4 rats
57 creatures vanquished.

Notes
Turn   | Place    | Note
-------+----------+-------------------------------------------
     0 | D:1      | lonewolfV2 the Minotaur Berserker began the quest for the
                  | Orb.
     0 | D:1      | Reached XP level 1. HP: 19/19 MP: 0/0
   151 | D:1      | Reached XP level 2. HP: 23/26 MP: 1/1
   572 | D:1      | Reached skill level 5 in Axes
   663 | D:1      | Reached XP level 3. HP: 31/31 MP: 2/2
  1077 | D:2      | Found Aqes's Assorted Antiques.
  1171 | D:2      | Found Rera's Magic Scroll Shop.
  1202 | D:2      | Reached ** piety under Trog
  1358 | D:2      | Found Ynaan's Jewellery Shoppe.
  1551 | D:2      | Found Nuede's Assorted Antiques.
  1702 | D:3      | Found a faded altar of an unknown god.
  1863 | D:3      | Reached XP level 4. HP: 39/39 MP: 3/3
  1913 | D:3      | Identified the +4 whip of Hoqeo {heavy, *Corrode rElec
                  | Dex+5}
  2169 | D:3      | Noticed Sigmund
  2183 | D:3      | Killed Sigmund
  2184 | D:3      | Reached XP level 5. HP: 34/45 MP: 0/4
  2185 | D:3      | Reached skill level 5 in Maces & Flails
  2477 | D:4      | Noticed Dowan
  2480 | D:4      | Noticed Duvessa
  2491 | D:4      | HP: 3/67 [Dowan/+0 dagger (7)]
  2492 | D:4      | HP: 1/67 [Dowan/+0 dagger (3)]
  2494 | D:4      | Killed Duvessa
  2495 | D:4      | Reached XP level 6. HP: 3/51 MP: 5/5
  2495 | D:4      | Slain by Dowan

Illustrated notes

Levels and vault maps discovered:
D:1:      tarquinn_simple_flora_water_d, layout_basic,
          chequers_serial_rivers_large_a
D:2:      layout_loops_cross, serial_shops, nicolae_square_shop,
          nicolae_shop_gaudy_bauble, nicolae_shop_rolling_square,
          nicolae_shop_temple_entry_statues_fountains
D:3:      layout_basic, serial_glass, glass_columns_a, glass_columns_a,
          glass_columns_a, nicolae_ecumenical_pavilion, uniq_sigmund
D:4:      corexii_shack_village, layout_basic, kennysheep_generic_room_12,
          uniq_duvessa

Skill      XL: |  1  2  3  4  5 |
---------------+----------------+-----
Axes           | 4 5 6 |  6.0
Maces & Flails | 4 6 |  6.0
Fighting       | |  3.6
Armour         | |  2.4
Dodging        | |  2.1

Action                     |  1- 3 |  4- 6 || total
---------------------------+-------+-------++-------
  Melee: Hand axe          |    78 |       ||    78
         Headbutt          |    12 |     2 ||    14
         Broad axe         |     4 |     3 ||     7
         Whip              |       |    28 ||    28
 Invoke: Berserk           |       |     2 ||     2
         Trog's Hand       |       |     2 ||     2
   Stab: Sleeping          |       |     1 ||     1
 Armour: Animal skin       |     9 |     1 ||    10
  Dodge: Dodged            |    83 |    20 ||   103
